 Dungeon Crawl Stone Soup version 0.29.0-4-gdea44cf6ec (webtiles) character file.

Game seed: 6196820534631526639

1395 ProzacElf the Slasher (level 9, -7/58 HPs)
             Began as a Djinni Gladiator on Aug 27, 2022.
             Was an Initiate of Makhleb.
             Killed from afar by a white imp (10 damage)
             ... with a puff of frost
             ... on level 6 of the Dungeon.
             The game lasted 00:13:53 (5951 turns).

ProzacElf the Slasher (Djinni Gladiator)            Turns: 5951, Time: 00:13:54

Health: -7/58      AC:  7    Str: 15    XL:     9   Next: 0%
Gold:   59         EV: 12    Int: 15    God:    Makhleb [......] SH:  4 Dex: 17

rFire   + + .      SeeInvis +   b - +8 hammer "Xadi" {pain, rC+ Int+5}
rCold   . . .      Faith    .   H - +0 buckler
rNeg    . . .      Spirit   .   k - +0 ring mail
rPois   ∞          Reflect  .   c - +0 helmet
rElec   .          Harm     .   u - +0 cloak
rCorr   .          Rampage  .   (no gloves)
Will    .....                   (boots unavailable)
Stlth   +.........              w - amulet of regeneration
HPRegen 0.99/turn               i - ring of see invisible
MPRegen 0.00/turn               (no ring)

@: mighty, flying
A: sickness immunity, fire resistance 2, cold vulnerability 1, float, innate
caster, HP casting, extra vitality 1
a: Renounce Religion


You were on level 6 of the Dungeon.
You worshipped Makhleb.
Makhleb was noncommittal.
You visited 1 branch of the dungeon, and saw 6 of its levels.
You also visited: Sewer.

You collected 403 gold pieces.
You spent 344 gold pieces at shops.

Inventory:

Hand Weapons
 a - a +2 dagger of venom
 b - the +8 hammer "Xadi" (weapon) {pain, rC+ Int+5}
   (You found it on level 2 of the Dungeon)

   In the hands of one skilled in necromantic magic, it inflicts extra damage on
   living creatures.
   Your inability to study Necromancy prevents you from drawing on the full
   power of this weapon.
   Int:       It affects your intelligence (+5).
   rC:        It protects you from cold.
 o - a +2 hammer of protection
 v - a +0 short sword
 y - a +0 long sword
Missiles
 d - a throwing net
 e - a javelin
 n - 15 poisoned darts (quivered)
 t - 12 boomerangs
Armour
 c - a +0 helmet (worn)
 k - a +0 ring mail (worn)
 p - a +0 leather armour
 u - a +0 cloak (worn)
 H - a +0 buckler (worn)
 K - the +0 leather armour of the Hanged Man {Dex+4}
   (You bought it in a shop on level 6 of the Dungeon)

   Dex:       It affects your dexterity (+4).
Jewellery
 i - a ring of see invisible (left hand)
 w - an amulet of regeneration (around neck)
Scrolls
 g - 8 scrolls of identify
 h - a scroll of vulnerability {unknown}
 m - a scroll of immolation
 r - a scroll of butterflies {unknown}
 s - a scroll of noise {unknown}
 C - a scroll of acquirement {unknown}
 J - a scroll of teleportation {unknown}
Potions
 f - a potion of might
 j - 4 potions of curing
 l - a potion of mutation {unknown}
 q - 3 potions of attraction
 x - a potion of degeneration
 z - a potion of haste {unknown}
 A - a potion of brilliance {unknown}
 B - a potion of berserk rage {unknown}
 D - a potion of resistance {unknown}
 E - a potion of flight {unknown}
 F - a potion of invisibility {unknown}
 G - a potion of magic {unknown}
 L - a potion of lignification {unknown}


   Skills:
 - Level 2.0 Fighting
 + Level 7.8 Long Blades
 - Level 5.0 Throwing
 - Level 5.0 Dodging


You couldn't memorise any spells.
You knew the following spells:

 Your Spells              Type           Power      Damage    Failure   Level
a - Necrotise             Necr           0%         1d4       58%         1
b - Passwall              Tmut/Erth      0%         N/A       75%         2
c - Call Canine Familiar  Summ           0%         N/A       92%         3
d - Tukima's Dance        Hex            0%         N/A       92%         3
Your spell library was empty.

Dungeon Overview and Level Annotations

Branches:
Dungeon (6/15)              Sewer (visited)
 Temple: D:4-7

Altars:
Makhleb
Ru

Shops:
D:3 =   D:4 !   D:5 !   D:6 [

Annotations:
D:5 2 transporters, Tollund's ghost, novice MeCA
D:6 Dowan


Innate Abilities, Weirdness & Mutations

You are immune to sickness and miasma.
You are immune to poison.
Your flesh is very heat resistant. (rF++)
You are vulnerable to cold. (rC-)
You float through the air rather than walking.
You learn spells naturally, not from books.
Your magical power is your life essence.
You have superior vitality. (+4 MHP)


Message History

Dowan blinks!
Maggie hits ye wit' a +1 vorpal glaive.
* * * LOW HITPOINT WARNIN' * * * x2
Ye hear a bark!
Ye take 5 damage, an' haf 2/54 hp.
Ye closely miss Maggie.
Maggie be almost dead.
Maggie misses ye.
Ye sock Maggie!
Maggie be almost dead.
Ye break outta yer daze.
Dowan breathas, "An' she was me only..."
Ye block Maggie's attack.
Maggie barely misses ye.
Ye regain'd 2 hp, an' now haf 5/54 hp.
Ye sock Maggie!
Ye kill Maggie!
Makhleb accepts yer kill.
Tha howler monkey hoots an' howls wit' incredible vigour!
Dowan says, "Magic will overcome all!"
Dowan casts a spell.
Dowan blinks!
Trainin' target 5.0 fer Throwin' reached!
Yer Throwin' skill increases ta level 5!
Ye haf reached level 9!
Yer 'sperience leads ta an increase in yer attributes!
Yer base attributes be Str 13, Int 10, Dex 17.
Increase (S)tr'ngth, (I)ntelligence, or (D)'sterity?
Ye feel stronger. x2
Tha power ta cast Tukima's Dance wells up from within.
Spell assign'd ta 'd'.
Ye regain'd 2 hp, an' now haf 7/58 hp.
As ye read tha scroll labelled XUSMAM DAOL, it crumbles ta dust.
Tha creatures around ye be filled wit' an inner flame!
It was a scroll o' immolation.
Tha white imp gestures at ye.
Tha puff o' frost hits ye.
* * * LOW HITPOINT WARNIN'
* * * Ye take 5 damage, an' haf 2/58 hp.
Tha white imp attacks as ye move away!
Tha white imp barely misses ye.
Tha white imp gestures at ye.
Tha puff o' frost hits ye!
Ye die...

#########
#.......#
#.#...#.#
#.#...#.###
#.........#######
#.......#...)...#
#.......#######.#
#.#...### #.#
#@#...# ##.##
#(##### #....
###5# #..##
###§.h## #..##
#......# #...#
#.#.##.# #.#.'
#.#.# .# #...#
#...# .# ........
#.e## .# #.####..


You could see a howler monkey (inner flame) and a white imp (inner flame).

Vanquished Creatures
  Maggie (D:6)
  A water moccasin (Sewer)
  Duvessa (D:6)
  A black bear (D:6)
  3 ogres
  3 phantoms
  A scorpion (D:5)
  2 jellies (D:5)
  An orc priest (D:5)
  Crazy Yiuf (D:2)
  An iguana (D:6)
  A gnoll (D:2)
  5 adders
  A shadow imp (D:6)
  3 worms
  2 dart slugs (D:4)
  3 orcs
  7 ball pythons
  11 endoplasms
  7 giant cockroaches
  7 goblins
  3 hobgoblins
  7 jackals
  9 kobolds
  4 quokkas
  7 bats
  5 frilled lizards
  3 rats
101 creatures vanquished.

Vanquished Creatures (others)
  6 plants (D:5)
6 creatures vanquished.

Grand Total: 107 creatures vanquished

Notes
Turn   | Place    | Note
-------+----------+-------------------------------------------
     0 | D:1      | ProzacElf the Djinni Gladiator began the quest for the Orb.
     0 | D:1      | Reached XP level 1. HP: 18/18 MP: 0/0
   321 | D:1      | Reached XP level 2. HP: 23/23 MP: 0/0
   327 | D:1      | Reached skill level 3 in Long Blades
   713 | D:1      | Reached XP level 3. HP: 17/28 MP: 0/0
   713 | D:1      | Learned a level 1 spell: Necrotise
  1338 | D:2      | Noticed an ogre
  1348 | D:2      | Killed an ogre
  1349 | D:2      | Reached skill level 4 in Long Blades
  1349 | D:2      | Reached XP level 4. HP: 33/33 MP: 0/0
  1349 | D:2      | Reached XP level 5. HP: 38/38 MP: 0/0
  1349 | D:2      | Learned a level 2 spell: Passwall
  1601 | D:2      | Reached skill level 5 in Dodging
  1911 | D:2      | Found a runed translucent door.
  1912 | D:2      | Noticed Crazy Yiuf
  1914 | D:2      | Identified the +8 hammer "Xadi" {pain, rC+ Int+5}
  2101 | D:2      | Found a faded altar of an unknown god.
  2682 | D:2      | Killed Crazy Yiuf
  3106 | D:3      | Reached XP level 6. HP: 43/43 MP: 0/0
  3536 | D:3      | Found Kagy's Jewellery Shop.
  3649 | D:4      | Found Qeon's Distillery.
  3654 | D:4      | Bought a potion of degeneration for 11 gold pieces
  3993 | D:4      | Reached skill level 5 in Long Blades
  4012 | D:4      | Found a glowing drain.
  4035 | Sewer    | Entered a sewer
  4085 | Sewer    | Noticed a water moccasin
  4098 | Sewer    | Killed a water moccasin
  4099 | Sewer    | Reached XP level 7. HP: 41/49 MP: 0/0
  4099 | Sewer    | Learned a level 3 spell: Call Canine Familiar
  4866 | D:5      | Entered Level 5 of the Dungeon
  4934 | D:5      | Reached skill level 6 in Long Blades
  5052 | D:5      | Noticed Tollund's ghost (novice MeCA)
  5247 | D:5      | Found a transporter.
  5370 | D:5      | Found Lyberrefe's Distillery.
  5376 | D:5      | Bought a potion of curing for 30 gold pieces
  5376 | D:5      | Bought 2 potions of heal wounds for 100 gold pieces
  5396 | D:5      | Reached XP level 8. HP: 24/54 MP: 0/0
  5518 | D:5      | Found a burning altar of Makhleb.
  5522 | D:5      | Became a worshipper of Makhleb the Destroyer
  5601 | D:5      | Found a transporter.
  5702 | D:6      | Found a sacrificial altar of Ru.
  5785 | D:6      | Found Upnuxuim's Antique Armour Emporium.
  5790 | D:6      | Bought a shimmering leather armour for 203 gold pieces
  5790 | D:6      | Identified the +0 leather armour of the Hanged Man {Dex+4}
                  | (You bought it in a shop on level 6 of the Dungeon)
  5901 | D:6      | Noticed Dowan
  5903 | D:6      | Noticed Duvessa
  5905 | D:6      | Noticed Maggie
  5921 | D:6      | Killed Duvessa
  5935 | D:6      | Reached skill level 7 in Long Blades
  5946 | D:6      | HP: 2/54 [Maggie/+1 vorpal glaive (1)]
  5949 | D:6      | Killed Maggie
  5950 | D:6      | Reached skill level 5 in Throwing
  5950 | D:6      | Reached XP level 9. HP: 7/58 MP: 0/0
  5950 | D:6      | Learned a level 3 spell: Tukima's Dance
  5951 | D:6      | Killed from afar by a white imp

Illustrated notes

Levels and vault maps discovered:
D:1:      nicolae_arrival_memento_mori, layout_basic
D:2:      layout_basic, shapermc_ecumenical_altar_pompeii, nrook_uturn,
          minmay_3d_cube, uniq_crazy_yiuf_cottage
D:3:      layout_basic, serial_shops, shop
D:4:      layout_basic, serial_shops, shop_fountains, portal_sewer_entry_f
D:5:      layout_rooms, marbit_many_paths, serial_shops, shop,
          gammafunk_ghost_gnarly_gnolls
D:6:      layout_loops_cross, nicolae_ru_awakened_eye, serial_shops,
          nicolae_shop_hallway_stairs, kennysheep_small_spiral,
          hangedman_decor_lopped, uniq_duvessa, uniq_maggie

Skill      XL: |  1  2  3  4  5  6  7  8 |
---------------+-------------------------+-----
Long Blades    | 3 4 5 6 7 |  7.8
Dodging        | 4 5 |  5.0
Throwing       | 2 3 5 |  5.0
Fighting       | |  2.0

Action                   |  1- 3 |  4- 6 |  7- 9 || total
-------------------------+-------+-------+-------++-------
Melee: Long sword        |    80 |    30 |       ||   110
       Punch             |     1 |     2 |     1 ||     4
       Mace              |       |   107 |    96 ||   203
Throw: Throwing net      |     2 |       |       ||     2
       Boomerang         |       |       |     4 ||     4
       Dart              |       |       |    10 ||    10
  Use: Potion            |       |       |     3 ||     3
       Scroll            |       |       |     3 ||     3
 Stab: Held in net/web   |     2 |       |       ||     2
Armor: Leather armour    |    19 |       |       ||    19
       Ring mail         |    11 |    56 |    33 ||   100
Dodge: Dodged            |    70 |    76 |    56 ||   202
Block: Buckler           |       |       |    13 ||    13
